Selects Airborne Battlegroup
Construct Weapon Support Center
Selects Paratrooper Squad Paradrop
Paratrooper Squad Paradrop
Selects Anti-tank Gun Team Paradrop
Anti-tank Gun Team Paradrop
Construct Medical Station
Mechanized Support Center
M1918 Browning Automatic Rifles
Paratrooper Squad Paradrop
Anti-tank Gun Team Paradrop
M4A1(76) Sherman Medium Tank
M4A1(76) Sherman Medium Tank
Selects Paradrop Reinforcements
Selects Carpet Bombing Run
Designate Forward Repair Station
M4A1(76) Sherman Medium Tank
Paratrooper Squad Paradrop
M4A1(76) Sherman Medium Tank
M4A1(76) Sherman Medium Tank
Paratrooper Squad Paradrop
M4A1(76) Sherman Medium Tank
Paratrooper Squad Paradrop
Paratrooper Squad Paradrop
Designate Forward Repair Station
M4A1(76) Sherman Medium Tank
Paratrooper Squad Paradrop